AoeStats
← wojopl31

Northern Isles

510740727Analyzed
1v1 RM · 1d ago on Oct 2, 2026· 46m 47s· 2 players
Game mode
Random Map
Map size
Tiny (2 player)
Population
200
Speed
Normal
Resources
Standard
Victory
Conquest
Starting age
Dark Age
Ending age
Imperial Age
RankedLock teamsTeams togetherTeam positionsShared explorationLock speedFull tech treeHidden civsTurbo modeCheats
Victory
Defeat
🇺🇸 Wu · United States
964
+14
🇵🇱 Huns · Poland
912
-14
wojopl31
8:34 Loom
11:17 Feudal Age
12:40 Double-Bit Axe
14:07 Fletching
16:13 Padded Archer Armor
19:00 Castle Age
19:09 Stone Mining
20:05 Medium Warships
19:35 Fishing Lines
21:53 Wheelbarrow
27:14 Bodkin Arrow
28:18 Gold Mining
32:58 Bow Saw
38:36 Imperial Age
36:43 Scale Barding Armor
36:49 Forging
39:42 Ballistics
40:58 Chemistry
41:54 Heavy Warships
42:58 Heavy Warships
42:36 Demolition Ship
45:13 Bracer
45:14 Scale Mail Armor
45:38 Chain Barding Armor
Gil-Galad
11:04 Feudal Age
11:04 Loom
11:59 Double-Bit Axe
13:52 Fishing Lines
15:03 Wheelbarrow
19:41 Castle Age
18:05 Forging
17:47 Fletching
20:38 Medium Warships
20:59 Bow Saw
29:20 Gillnets
29:51 Town Watch
33:35 Bodkin Arrow
34:16 Iron Casting
33:48 Red Cliffs Tactics
33:55 Padded Archer Armor
33:56 Scale Mail Armor
37:17 Imperial Age
34:53 Demolition Ship
36:09 Pikeman
36:50 Squires
38:04 Bracer
38:36 Heavy Warships
38:41 Hand Cart
39:38 Two-Man Saw
41:26 Blast Furnace
42:00 Chain Mail Armor
42:46 Clinker Construction
42:58 Ballistics
45:16 Plate Mail Armor
45:08 Carvel Hull
44:55 Siphons
45:17 Heavy Demolition Ship
Connection lost

Rejoining the realm…

Still unreachable

The connection could not be restored.

Session expired

The server has moved on; the page needs a fresh start.